 Dungeon Sprint DCSS version 0.17-a0-1951-g62301d3 (webtiles) character file.

99 Kidiri the Sneak (level 4, 0/21 HPs)
             Began as a Spriggan Enchanter on Oct 2, 2015.
             Slain by a shadow (8 damage)
             ... in the Dungeon (Sprint III: "The Ten Rune Challenge").
             The game lasted 00:02:56 (493 turns).

Kidiri the Sneak (Spriggan Enchanter)                Turns: 493, Time: 00:02:56

Health: 0/21       AC:  5    Str:  4    XL:     4   Next: 45%
Magic:  1/12       EV: 22    Int: 14    God:
Gold:   34         SH:  0    Dex: 17    Spells: 5 memorised, 1 level left

rFire  . . .     SeeInvis +     a - +1 dagger
rCold  . . .     Clarity  .     b - +1 robe
rNeg   . . .     SustAt   .     (shield restricted)
rPois  .         Gourm    .     (helmet restricted)
rElec  +         Spirit   .     (no cloak)
rCorr  .         Warding  .     (gloves unavailable)
rMut   .         NoTele   +     (boots unavailable)
MR     .....                    (no amulet)
Stlth  ++++......               (no ring)
                                (no ring)

@: very slightly contaminated, very quick, not resistant to hostile
enchantments, stealthy
A: unfitting armour, yellow scales 1, see invisible, breathe flames 1, dopey 1,
herbivore 3, speed 3, electricity resistance, slow metabolism 2
a: Breathe Fire


You were in the Dungeon.
You were not hungry.

You visited 1 branch You collected 34 gold pieces.

Inventory:

Hand weapons
 a - a +1 dagger (weapon)
Armour
 b - a +1 robe (worn)
Magical devices
 k - a wand of random effects (24)
Scrolls
 j - a scroll of blinking
 n - a scroll of holy word {unknown}
 p - 2 scrolls of remove curse {unknown}
 s - a scroll of torment {unknown}
Potions
 e - a potion of curing
 g - a potion of haste
 h - 2 potions of magic
 l - a potion of invisibility
 q - a potion of lignification
 r - 2 potions of cure mutation {unknown}
 t - 2 potions of flight
Books
 c - a book of Maledictions

   Spells                             Type                      Level
   a - Corona                         Hexes                        1
   b - Ensorcelled Hibernation        Hexes/Ice                    2
   c - Confuse                        Hexes                        3
   d - Tukima's Dance                 Hexes                        3
   e - Dazzling Spray                 Conjuration/Hexes            3
Comestibles
 d - 2 bread rations


   Skills:
 * Level 4.2 Short Blades
 + Level 1.8 Armour
 * Level 6.2 Dodging
 * Level 7.5 Stealth
 * Level 5.2 Spellcasting
 + Level 0.0 Conjurations
 + Level 4.8 Hexes
 + Level 1.2 Ice Magic


You had one spell level left.
You knew the following spells:

 Your Spells              Type           Power        Failure   Level  Hunger
a - Corona                Hex            ###....      2%          1    None
b - Ensorcelled Hibernat  Hex/Ice        ##....       10%         2    ##.....
c - Confuse               Hex            ###.....     10%         3    ###....
d - Tukima's Dance        Hex            ###.....     10%         3    ###....
e - Dazzling Spray        Conj/Hex       ##......     21%         3    ###....


Dungeon Overview and Level Annotations

Branches:
Dungeon (1/1)

Altars:


Innate Abilities, Weirdness & Mutations

You are tiny and cannot use many weapons and most armour.
You have supernaturally acute eyesight.
You are a herbivore.
You cover ground extremely quickly.
You need consume almost no food.
You are partially covered in yellow scales (AC +2).
You can breathe flames.
You are dopey. (Int -2)
You are resistant to electric shocks.


Message History

The shadow closely misses you.
You hit the shadow.
The shadow is moderately damaged.
The shadow hits you.
You hit the shadow but do no damage.
The shadow is moderately damaged.
The shadow misses you.
You hit the shadow but do no damage.
The shadow is moderately damaged.
You closely miss the shadow.
The shadow is moderately damaged.
The shadow slips into darkness.
The shadow flickers and vanishes for a moment.
You hit the shadow but do no damage.
The shadow is moderately damaged.
The shadow barely misses you.
You hit the shadow.
The shadow is moderately damaged.
The shadow hits you!
You die...

▓▓▓▓ ▓▓▓ ...#### ##.#
......#####..#
.......#.%#..#
#.##..)#..#..###+#+###+##
#.###..##+#..#..........#
##.##..###...'.⌠@W......#
%.##..####...#...######'#
..##..###....#.⌠.# #...#
.##%..##.....#...# #...#
##....#......#+### #...#
##..##.#.....# #..%+
#..#####....# +..J# ▓▓▓▓
▓▓▓▓▓▓ ▓▓▓▓▓


You could see a shadow (invisible).

Vanquished Creatures
  A water elemental (D)
  Jessica (D)
  A human (D)
  A phantom (D)
  3 rats (D)
7 creatures vanquished.

Vanquished Creatures (others)
  2 draconian scorchers (D)
  A yaktaur (D)
  A plant (D)
4 creatures vanquished.

Grand Total: 11 creatures vanquished

Notes
Turn   | Place    | Note
--------------------------------------------------------------
     0 | D        | Kidiri the Spriggan Enchanter began the quest for the Orb.
     0 | D        | Reached XP level 1. HP: 9/9 MP: 5/5
    23 | D        | Killed a yaktaur
    33 | D        | Noticed Jessica
    39 | D        | Killed Jessica
    39 | D        | Reached skill level 1 in Armour
    39 | D        | Reached skill level 6 in Stealth
    39 | D        | Reached XP level 2. HP: 13/13 MP: 6/8
    65 | D        | Learned a level 2 spell: Ensorcelled Hibernation
   104 | D        | Reached XP level 3. HP: 16/16 MP: 9/9
   115 | D        | Learned a level 3 spell: Confuse
   119 | D        | Learned a level 3 spell: Tukima's Dance
   132 | D        | Reached skill level 5 in Dodging
   152 | D        | Gained mutation: You are partially covered in yellow scales (AC +2). [potion of mutation]
   152 | D        | Gained mutation: You are resistant to electric shocks. [potion of mutation]
   152 | D        | Gained mutation: You can breathe flames. [potion of mutation]
   153 | D        | Gained mutation: You tend to lose your temper in combat. [potion of mutation]
   153 | D        | Lost mutation: You tend to lose your temper in combat. [potion of mutation]
   153 | D        | Gained mutation: You are dopey. (Int -2) [potion of mutation]
   186 | D        | Noticed a water elemental
   200 | D        | Killed a water elemental
   200 | D        | Reached skill level 7 in Stealth
   200 | D        | Reached skill level 5 in Spellcasting
   200 | D        | Reached skill level 1 in Ice Magic
   200 | D        | Reached XP level 4. HP: 3/21 MP: 10/12
   217 | D        | Killed a white draconian scorcher
   232 | D        | Learned a level 3 spell: Dazzling Spray
   278 | D        | Killed a white draconian scorcher
   469 | D        | Noticed a jelly
   470 | D        | Noticed a shadow
   493 | D        | Slain by a shadow

Vault maps used:
D:        dungeon_sprint_mu

Action                   |  1- 3 |  4- 6 || total
-------------------------+-------+-------++-------
Melee: Dagger            |    19 |    12 ||    31
 Cast: Ensorcelled Hiber |     2 |       ||     2
       Confuse           |     1 |       ||     1
       Dazzling Spray    |       |     3 ||     3
  Use: Potion            |     4 |       ||     4
       Scroll            |     3 |       ||     3
 Stab: Sleeping          |     6 |       ||     6
       Confused          |     1 |       ||     1
